 Dungeon Crawl Stone Soup version 0.31-a0-210-gccc998df9b (webtiles) character file.

Game seed: 4394631329141813356

47117 Ekaitz the Sage (level 14, -1/106 HPs)
             Began as a Demonspawn Earth Elementalist on Feb 21, 2023.
             Was a High Priest of Sif Muna.
             Slain by a minotaur
             ... wielding a +2 heavy trident
              (30 damage)
             ... in a Gauntlet on June 29, 2023.
             The game lasted 01:19:11 (22064 turns).

Ekaitz the Sage (Demonspawn Earth Elementalist)    Turns: 22064, Time: 01:19:12

Health: -1/106     AC: 15    Str: 11    XL:     14   Next: 7%
Magic:  11/34      EV: 13    Int: 23    God:    Sif Muna [*****.]
Gold:   1098       SH:  0    Dex: 13    Spells: 5/28 levels left

rFire   . . .        a - +3 dagger
rCold   . . .        (no shield)
rNeg    . . .        T - +0 troll leather armour
rPois   .            n - +2 helmet {Int+3}
rElec   .            (cloak unavailable)
rCorr   +            l - +0 pair of gloves
SInv    .            O - +2 pair of boots
Will    +....        j - amulet of regeneration
Stlth   +++          r - +4 ring of slaying
HPRegen 1.97/turn    P - ring of magical power
MPRegen 0.24/turn

%: no teleportation
@: channelling
A: yellow scales 3, foul stench 1, demonic magic 1, bedeviling, weakness stinger
3
a: Renounce Religion, Channel Magic, Forget Spell, Divine Exegesis


You were in a Gauntlet.
You worshipped Sif Muna.
Sif Muna was extremely pleased with you.
You visited 3 branches of the dungeon, and saw 18 of its levels.
You also visited: Sewer and Gauntlet.

You collected 1254 gold pieces.
You spent 156 gold pieces at shops.

Inventory:

Hand Weapons
 a - a +3 dagger (weapon)
 c - a +2 trident of flaming
 w - a +0 short sword of venom
 y - a +4 scimitar of flaming
 H - the +10 whip of the Loving Sybil {drain, rElec Str+4}
   (You found it on level 9 of the Dungeon)

   Str:       It affects your strength (+4).
   rElec:     It insulates you from electricity.
 L - the +5 falchion of Askumya {vamp, rC+ SInv}
   (You found it on level 8 of the Dungeon)

   rC:        It protects you from cold.
   SInv:      It lets you see invisible.
Missiles
 x - 49 poisoned darts
 A - 2 throwing nets
Armour
 e - a scarf of resistance
 i - the -1 hat "Oram Nut" {rPois}
   (You found it in a Gauntlet)

   rPois:     It protects you from poison.
 l - a +0 pair of gloves (worn)
 n - a +2 helmet of intelligence (worn)
 F - a +1 robe of resistance
 O - a +2 pair of boots (worn)
 T - a +0 troll leather armour (worn)
 Y - a +1 pair of boots of rampaging
Jewellery
 j - an amulet of regeneration (around neck)
 r - a +4 ring of slaying (left hand)
 C - a +6 ring of intelligence
 J - a ring of poison resistance
 P - a ring of magical power (right hand)
 V - a +6 ring of intelligence
Wands
 o - a wand of iceblast (8)
 I - a wand of flame (42)
 K - a wand of digging (20)
 R - a wand of mindburst (10)
Scrolls
 h - 2 scrolls of poison
 k - 4 scrolls of blinking
 q - 7 scrolls of fear
 s - 2 scrolls of immolation
 t - a scroll of enchant weapon
 D - 2 scrolls of fog
 W - a scroll of summoning
Potions
 b - 6 potions of magic
 d - a potion of might
 f - 5 potions of berserk rage
 g - 2 potions of heal wounds
 m - 6 potions of haste
 p - a potion of lignification
 v - 8 potions of curing
 z - 2 potions of enlightenment
 E - 2 potions of cancellation
 G - 3 potions of brilliance
 U - a potion of invisibility
Miscellaneous
 Z - a box of beasts


   Skills:
 + Level 8.8 Fighting
 + Level 4.1 Short Blades
 + Level 0.5(2.6) Long Blades
 + Level 2.0 Axes
 + Level 3.1 Armour
 + Level 4.7 Dodging
 + Level 7.8 Stealth
 + Level 7.9 Spellcasting
 + Level 8.1 Conjurations
 + Level 5.0 Summonings
 * Level 3.5 Translocations
 * Level 4.2 Transmutations
 * Level 6.7 Fire Magic
 * Level 8.5 Earth Magic
 * Level 9.0 Invocations
 * Level 6.7 Evocations


You had 5 spell levels left.
You knew the following spells:

 Your Spells              Type           Power      Damage    Failure   Level
a - Sandblast             Erth           96%        2d20      1%          1
b - Passwall              Tmut/Erth      31%        N/A       1%          2
c - Stone Arrow           Conj/Erth      94%        3d12      1%          3
d - Petrify               Tmut/Erth      38%        N/A       6%          4
e - Lee's Rapid Deconstr  Erth           24%        3d13*     8%          5
f - Volatile Blastmotes   Fire/Tloc      64%        2d15      3%          3
k - Blink                 Tloc           50%        N/A       3%          2
m - Summon Small Mammal   Summ           100%       N/A       1%          1
p - Apportation           Tloc           50%        N/A       1%          1
z - Foxfire               Conj/Fire      100%       2x1d9     1%          1

Your spell library contained the following spells:

 Spells                   Type           Power      Damage    Failure   Level
 Call Canine Familiar     Summ           32%        N/A       3%          3
 Flame Wave               Conj/Fire      43%        2d11      4%          4
 Sticky Flame             Conj/Fire      43%        2d6       4%          4
 Ignite Poison            Fire/Tmut/Pois 26%        N/A       6%          3
 Inner Flame              Hex/Fire       36%        N/A       7%          3
 Iskenderun's Mystic Bla  Conj/Tloc      36%        2d9       8%          4
 Summon Guardian Golem    Hex/Summ       31%        N/A       10%         3
 Fireball                 Conj/Fire      21%        3d10      12%         5
 Fulminant Prism          Conj/Hex       20%        3d12      17%         4
 Manifold Assault         Tloc           25%        N/A       21%         4
 Ozocubu's Armour         Ice            9%         N/A       26%         3
 Freezing Cloud           Conj/Ice/Air   10%        6-21      63%         5
 Alistair's Intoxication  Tmut/Pois      12%        N/A       71%         5
 Metabolic Englaciation   Hex/Ice        6%         N/A       94%         5
 Starburst                Conj/Fire      21%        6d7       54%         6
 Simulacrum               Ice/Necr       4%         N/A       100%        6
 Storm Form               Tmut/Air       9%         N/A       100%        7


Dungeon Overview and Level Annotations

Branches:
Dungeon (13/15)            Temple (1/1) D:7            Lair (4/5) D:10
 Shoals (0/4) Lair:2       Spider (0/4) Lair:2        Slime (0/5) Lair:4
    Orc (0/2) D:11         Vaults (0/5) D:13          Sewer (visited)
Gauntlet (1/1)

Altars:
Ashenzari
Cheibriados
Dithmenos
Fedhas
Gozag
Hepliaklqana
Kikubaaqudgha
Makhleb
Nemelex Xobeh
Okawaru
Qazlal
Ru
Sif Muna
Trog
Uskayaw
Vehumet
Wu Jian
Xom
Yredelemnul
Jiyva

Shops:
D:4 *!   D:6 *   D:10 =

Annotations:
D:3 4 runed translucent doors, Crazy Yiuf; Foxy's ghost, amateur KoEn
D:7 Maggie
D:8 exclusion: two-headed ogre
D:9 3 runed translucent doors, tarna41's ghost, novice MiBe
D:12 Nessos; Urug
Lair:3 2 transporters, Ifaaq's ghost, journeyman MiFi Gauntlet 6 transporters


Innate Abilities, Weirdness & Mutations

You are completely covered in yellow scales. (AC +4, rCorr)
You may rarely emit foul miasma when damaged in melee.
Spells you cast may paralyse adjacent enemies.
Your hexes are more powerful.
You have a sharp stinger which inflicts weakening toxins.


Message History

Confirm with . or Enter, or press ? or * to list all spells.
Aiming: Stone Arrow (safe; 1% risk of failure)
Press: ? - help, Shift-Dir - straight line, f/p - minotaur
Aim: a minotaur, wielding a +2 heavy trident, wearing a +0 plate armour, wearing the ring of Tetusoig {rF+ MP+9 Stlth+} and quivering javelins (heavily wounded, 89% to hit)
The stone arrow hits the minotaur but does no damage.
The minotaur is heavily wounded.
Malevolent energies surge around you.
The flying skull gives a hideous shriek!
You hit the minotaur.
You tail-slap the minotaur, but do no damage.
The minotaur is heavily wounded.
The minotaur hits you with a +2 heavy trident!!
* * * LOW HITPOINT WARNING * * *
The minotaur gores you!
* * * LOW HITPOINT WARNING * * *
Unknown command.
Okay, then.
Okay, then.
You feel much better.
The minotaur hits you with a +2 heavy trident!!
* * * LOW HITPOINT WARNING * * *
The minotaur gores you but does no damage.
Unknown command.
Found a book of Changes and an embroidered hat.
Casting: Stone Arrow (safe; 1% risk of failure)
Confirm with . or Enter, or press ? or * to list all spells.
Aiming: Stone Arrow (safe; 1% risk of failure)
Press: ? - help, Shift-Dir - straight line, f/p - minotaur
Aim: a minotaur, wielding a +2 heavy trident, wearing a +0 plate armour, wearing the ring of Tetusoig {rF+ MP+9 Stlth+} and quivering javelins (heavily wounded, 89% to hit)
The stone arrow hits the minotaur but does no damage.
The minotaur is heavily wounded.
Malevolent energies surge around you.
The minotaur hits you with a +2 heavy trident!!
* * * LOW HITPOINT WARNING * * *
The minotaur barely misses you.
Unknown command.
Okay, then.
You feel much better.
The minotaur hits you with a +2 heavy trident!!
You die...

########...#..#z..#©.#
#........8.#..#z.##.##
##.##.###...#..#z.#..#.
#8........8.#..#z##.##.
#.....#.#...#..#z..z...
#######.#H#...#..########
[8:8.8#...#.©.#≈.........
......'H###...#∩.........
[8[8.8#.@.#.©.#≈.........
#######.#.#...#..########
#.....#.#...#..#.......
#8........8.#..#.##^.^#
##.##.###...#..#..##.##
#........8.#..#...#.#.
########...#..#©..#©..
#≈8≈#..#(..#.#.
#####..#..##†##


You could see a minotaur.

Vanquished Creatures
  A dire elephant (Gauntlet)
  2 vault guards (D:13)
  2 hydras
  2 catoblepae
  A centaur warrior (D:13)
  A death knight (D:13)
  2 boulder beetles
  3 two-headed ogres
  3 skeletal warriors (D:13)
  An orc knight (D:11)
  4 wizards (D:13)
  2 oklob plants
  A manticore (D:11)
  2 merfolk sirens (Lair:2)
  19 elephants
  Maurice (D:10)
  Joseph (D:10)
  4 black mambas
  A gargoyle (D:12)
  A smoke demon (Gauntlet)
  5 cane toads
  A rime drake (Lair:3)
  An efreet (D:13)
  2 kobold demonologists (D:11)
  An unseen horror (D:6)
  2 komodo dragons
  A polar bear (Lair:3)
  2 merfolk (Lair:2)
  A red devil (Gauntlet)
  5 trolls
  6 hornets
  9 blink frogs
  Grinder (Sewer)
  5 slime creatures (D:12)
  3 jumping spiders (Lair:2)
  3 wyverns
  5 wraiths
  18 humans (D:13)
  2 shadows
  20 yaks
  3 basilisks
  A steam dragon (D:9)
  A redback (Lair:2)
  6 acid dragons
  7 water moccasins
  9 orc warriors
  An ice beast (D:6)
  2 black bears
  3 ogres
  11 wolves
  4 centaurs
  4 kobold brigands
  11 bullfrogs
  4 necrophages
  A scorpion (Lair:1)
  A gnoll sergeant (D:6)
  9 wights
  3 killer bees (D:11)
  A howler monkey (D:8)
  7 electric eels (D:10)
  2 crimson imps (Gauntlet)
  2 quasits (Sewer)
  2 jellies
  10 orc priests
  Jessica (D:2)
  4 iguanas
  11 orc wizards
  7 gnolls
  7 adders
  3 shadow imps
  A white imp (D:6)
  8 ufetubi
  3 worms
  A dart slug (D:1)
  49 orcs
  6 endoplasms
  7 giant cockroaches
  6 goblins
  5 hobgoblins
  7 jackals
  3 quokkas
  9 ball pythons
  5 bats
  5 frilled lizards
  36 kobolds
  6 rats
442 creatures vanquished.

Vanquished Creatures (collateral kills)
  An orc (D:11)
  3 foxfires
4 creatures vanquished.

Vanquished Creatures (others)
  A scorpion (D:5)
  An endoplasm (Sewer)
  A kobold zombie (Sewer)
  342 foxfires
345 creatures vanquished.

Grand Total: 791 creatures vanquished

Notes
Turn   | Place    | Note
-------+----------+-------------------------------------------
     0 | D:1      | Ekaitz the Demonspawn Earth Elementalist began the quest
                  | for the Orb.
     0 | D:1      | Reached XP level 1. HP: 13/13 MP: 3/3
   209 | D:1      | Gained mutation: You may rarely emit foul miasma when
                  | damaged in melee. [demonic ancestry]
   209 | D:1      | Reached XP level 2. HP: 11/19 MP: 0/5
   270 | D:1      | Learned a level 2 spell: Passwall
   602 | D:1      | Gained mutation: You are partially covered in yellow
                  | scales. (AC +2) [demonic ancestry]
   602 | D:1      | Reached XP level 3. HP: 25/25 MP: 4/6
   606 | D:1      | Learned a level 3 spell: Stone Arrow
   695 | D:2      | Noticed Jessica
   699 | D:2      | Killed Jessica
   700 | D:2      | Reached skill level 1 in Axes
   778 | D:2      | Found a bloodstained altar of Trog.
   812 | D:2      | Gained mutation: You are mostly covered in yellow scales.
                  | (AC +3) [demonic ancestry]
   812 | D:2      | Reached XP level 4. HP: 31/31 MP: 0/7
   832 | D:2      | Reached skill level 1 in Fighting
  1714 | D:3      | Gained mutation: You have a small tail. [demonic ancestry]
  1714 | D:3      | Reached XP level 5. HP: 37/37 MP: 2/9
  1717 | D:3      | Found a runed translucent gate.
  1717 | D:3      | Found a runed translucent gate.
  1718 | D:3      | Found a runed translucent gate.
  1723 | D:3      | Noticed Foxy's ghost (amateur KoEn)
  1788 | D:3      | Reached skill level 1 in Conjurations
  1881 | D:3      | Found a glowing drain.
  1942 | Sewer    | Entered a sewer
  2188 | Sewer    | Found a burning altar of Makhleb.
  2237 | Sewer    | Reached XP level 6. HP: 22/44 MP: 2/10
  2326 | Sewer    | Noticed Grinder
  2359 | Sewer    | Learned a level 1 spell: Summon Small Mammal
  2389 | Sewer    | Killed Grinder
  2395 | Sewer    | Learned a level 4 spell: Petrify
  2744 | D:3      | Reached XP level 7. HP: 51/51 MP: 1/12
  3164 | D:3      | Found a runed translucent door.
  3165 | D:3      | Noticed Crazy Yiuf
  3502 | D:4      | Reached skill level 1 in Short Blades
  3556 | D:4      | Learned a level 1 spell: Foxfire
  3571 | D:4      | Found a broken altar of Ashenzari.
  3747 | D:4      | Found Lumaruh's General Store.
  3768 | D:4      | Bought a potion of heal wounds for 60 gold pieces
  3768 | D:4      | Bought a potion of degeneration for 12 gold pieces
  3848 | D:4      | Found Puics's Distillery.
  3882 | D:4      | Bought 2 potions of curing for 84 gold pieces
  4114 | D:5      | Entered Level 5 of the Dungeon
  4170 | D:5      | Reached skill level 1 in Fire Magic
  4614 | D:5      | Reached XP level 8. HP: 58/58 MP: 3/13
  5602 | D:6      | Reached skill level 5 in Earth Magic
  5674 | D:6      | Found Lavusel's Gadget Gallery.
  5713 | D:6      | Reached skill level 1 in Transmutations
  5723 | D:6      | Killed an unseen horror
  5724 | D:6      | Reached skill level 1 in Armour
  5791 | D:6      | Noticed a troll
  5812 | D:6      | HP: 3/60 [troll (8)]
  5813 | D:6      | Killed a troll
  6231 | D:6      | Gained mutation: Spells you cast may paralyse adjacent
                  | enemies. [demonic ancestry]
  6231 | D:6      | Reached XP level 9. HP: 66/66 MP: 1/15
  6237 | D:6      | Learned a level 5 spell: Lee's Rapid Deconstruction
  7123 | D:7      | Found a staircase to the Ecumenical Temple.
  7132 | Temple   | Entered the Ecumenical Temple
  7165 | Temple   | Upgraded the game from 0.30-a0-799-g109b55a442 to
                  | 0.30-a0-800-g7c544603b3
  7179 | Temple   | Became a worshipper of Sif Muna the Loreminder
  7512 | D:7      | Reached skill level 1 in Invocations
  7618 | D:7      | Found a shadowy altar of Dithmenos.
  7640 | D:7      | Noticed Maggie
  8075 | D:8      | Paralysed by a hornet for 2 turns
  8079 | D:8      | Reached skill level 5 in Spellcasting
  8079 | D:8      | Reached skill level 2 in Invocations
  8079 | D:8      | Reached skill level 1 in Evocations
  8083 | D:8      | Identified the +5 falchion of Askumya {vamp, rC+ SInv}
  8137 | D:8      | Noticed a two-headed ogre
  8177 | D:8      | Learned a level 1 spell: Apportation
  8244 | D:8      | Reached skill level 3 in Invocations
  8339 | D:8      | Reached skill level 5 in Fighting
  8342 | D:8      | Reached * piety under Sif Muna
  8706 | D:8      | Reached skill level 5 in Conjurations
  8720 | D:8      | Reached XP level 10. HP: 74/74 MP: 2/17
  9043 | D:9      | Identified the +10 whip of the Loving Sybil {drain, rElec
                  | Str+4}
  9140 | D:9      | Upgraded the game from 0.30-a0-800-g7c544603b3 to
                  | 0.30-a0-1116-gebefce21f7
  9491 | D:9      | Reached skill level 5 in Stealth
  9491 | D:9      | Reached skill level 4 in Invocations
  9764 | D:9      | You fall into a shaft and drop 2 floors!
  9772 | D:11     | Noticed a two-headed ogre
  9836 | D:11     | Noticed a manticore
  9855 | D:11     | Killed a manticore
  9855 | D:11     | Reached ** piety under Sif Muna
  9881 | D:11     | Reached skill level 1 in Summonings
 10047 | D:11     | Noticed a two-headed ogre
 10066 | D:10     | Entered Level 10 of the Dungeon
 10086 | D:10     | Reached skill level 5 in Invocations
 10226 | D:9      | Found a runed translucent gate.
 10226 | D:9      | Found a runed translucent gate.
 10226 | D:9      | Found a runed translucent gate.
 10227 | D:9      | Found a viscous altar of Jiyva.
 10227 | D:9      | Noticed tarna41's ghost (novice MiBe)
 10598 | D:10     | Found Kusi's Jewellery Shoppe.
 10636 | D:10     | Noticed a two-headed ogre
 10650 | D:10     | Killed a two-headed ogre
 10651 | D:10     | Gained mutation: You have a tail ending in a sharp stinger.
                  | [demonic ancestry]
 10651 | D:10     | Reached XP level 11. HP: 69/83 MP: 8/19
 10768 | D:10     | Noticed an oklob plant
 11139 | D:10     | Found a staircase to the Lair.
 11298 | D:10     | Noticed Maurice
 11307 | D:10     | Killed Maurice
 11342 | D:10     | Noticed Joseph
 11360 | D:10     | Killed Joseph
 11804 | D:11     | Noticed an orc knight
 11804 | D:11     | Found a staircase to the Orcish Mines.
 11812 | D:10     | Killed a two-headed ogre
 12048 | D:11     | Noticed a soul eater
 12603 | D:11     | Reached *** piety under Sif Muna
 12836 | D:11     | Killed a two-headed ogre
 12837 | D:11     | Reached skill level 6 in Invocations
 12981 | D:11     | Killed an orc knight
 13573 | D:10     | Killed an oklob plant
 13649 | Lair:1   | Entered Level 1 of the Lair of Beasts
 13957 | Lair:1   | Gained mutation: You are completely covered in yellow
                  | scales. (AC +4, rCorr) [demonic ancestry]
 13957 | Lair:1   | Reached XP level 12. HP: 61/92 MP: 22/22
 14000 | Lair:1   | Reached skill level 5 in Fire Magic
 14161 | Lair:1   | Noticed a catoblepas
 14220 | Lair:1   | Killed a catoblepas
 14629 | Lair:1   | Found a transporter.
 14631 | Lair:1   | Found a transporter.
 14631 | Lair:1   | Noticed a boulder beetle
 15064 | Lair:2   | Found a hole to the Spider Nest.
 15075 | Lair:2   | Reached skill level 7 in Invocations
 15112 | Lair:2   | Noticed a four-headed hydra
 15259 | Lair:2   | Reached **** piety under Sif Muna
 15852 | Lair:2   | Found a staircase to the Shoals.
 16679 | Lair:2   | Killed a four-headed hydra
 16885 | Lair:2   | Reached skill level 5 in Evocations
 17055 | Lair:3   | Noticed a catoblepas
 17056 | Lair:3   | Noticed Ifaaq's ghost (journeyman MiFi)
 17058 | Lair:3   | Found a transporter.
 17206 | Lair:3   | Killed a catoblepas
 17207 | Lair:3   | Reached skill level 5 in Summonings
 17321 | Lair:3   | Reached skill level 8 in Invocations
 17479 | Lair:3   | Learned a level 2 spell: Blink
 17511 | Lair:3   | Noticed a boulder beetle
 17589 | Lair:3   | Gained mutation: Your hexes are more powerful. [demonic
                  | ancestry]
 17589 | Lair:3   | Reached XP level 13. HP: 100/100 MP: 12/23
 17700 | Lair:3   | Reached skill level 1 in Translocations
 18210 | Lair:3   | Found a transporter.
 18898 | D:12     | Noticed Urug
 18899 | D:12     | Upgraded the game from 0.30-a0-1116-gebefce21f7 to
                  | 0.31-a0-210-gccc998df9b
 18906 | D:12     | Noticed Nessos
 19888 | D:13     | Found a gate to the Vaults.
 20370 | D:13     | Learned a level 3 spell: Volatile Blastmotes
 20619 | D:13     | Reached skill level 9 in Invocations
 21276 | Lair:4   | Found a staircase to the Slime Pits.
 21363 | Lair:4   | Found a gate leading to a gauntlet.
 21411 | Gauntlet | Entered a Gauntlet
 21411 | Gauntlet | Found a transporter.
 21411 | Gauntlet | Found a transporter.
 21442 | Gauntlet | Found a transporter.
 21446 | Gauntlet | Found a transporter.
 21456 | Gauntlet | Found a transporter.
 21460 | Gauntlet | Found a transporter.
 21473 | Gauntlet | Found the +3 Mad Mage's Maulers {Infuse+∞ VampMP -Cast}
 21479 | Gauntlet | Found a transporter.
 21492 | Gauntlet | Noticed a dire elephant
 21494 | Gauntlet | Found a transporter.
 21515 | Gauntlet | Found a transporter.
 21517 | Gauntlet | Found a transporter.
 21531 | Gauntlet | Found a transporter.
 21535 | Gauntlet | Found a transporter.
 21642 | Gauntlet | Reached ***** piety under Sif Muna
 21650 | Gauntlet | Identified the -1 hat "Oram Nut" {rPois}
 21735 | Gauntlet | Paralysed by a hornet for 1 turns
 21741 | Gauntlet | Gained mutation: You have a sharp stinger which inflicts
                  | weakening toxins. [demonic ancestry]
 21741 | Gauntlet | Reached XP level 14. HP: 86/106 MP: 15/25
 22031 | Gauntlet | Identified the ring of Tetusoig {rF+ MP+9 Stlth+}
 22054 | Gauntlet | HP: 2/106 [minotaur/+2 heavy trident (13)]
 22064 | Gauntlet | Slain by a minotaur

Illustrated notes

Levels and vault maps discovered:
D:1:      grunt_arrival_crossed_arrows, layout_rooms
D:2:      minmay_skewed_foursquare, layout_loops_ring, basic_altar, uniq_jessica
D:3:      layout_loops_ring, cheibrodos_sewer_entry_drain,
          gammafunk_ghost_split, grunt_ministairs_13, hangedman_decor_points,
          uniq_crazy_yiuf_cottage
D:4:      layout_cave_pools, old_standard_altar, serial_shops, shop,
          nicolae_shop_waterfront, minmay_box_of_dots
D:5:      layout_loops_ring, minmay_misc_feat_chi,
          chequers_serial_rivers_micro_c, minivault_11, lemuel_flamethrower_2
D:6:      minmay_cornered_nines, layout_basic, nicolae_shop_gadgets
D:7:      layout_rooms, mainiacjoe_overflow_catwalk_spiral,
          minmay_temple_entry_trees, minmay_misc_feat_four_crosses, uniq_maggie
D:8:      layout_basic, chequers_serial_rivers_room_a
D:9:      layout_basic, gammafunk_ghost_ooze, chequers_serial_rivers_room_a,
          minivault_1, minmay_strange_pillars
D:10:     layout_basic, dpeg_oklobed_lair, serial_shops,
          nicolae_shop_pleasant_corner_grove, minivault_27, uniq_maurice,
          uniq_joseph
D:11:     layout_rooms, david_orc_5
D:12:     layout_rooms, uniq_nessos, uniq_urug
D:13:     layout_irregular_city, grunt_vaults_entry_tiered, chequers_mini_garden
Temple:   hellmonk_temple_of_storms
Lair:1:   gammafunk_boulding_lane, layout_gridlike
Lair:2:   layout_cave_pods, elwin_shoals_entry_stream, spider_nest_entry_a,
          grunt_megastairs_1
Lair:3:   layout_hall_layers, gammafunk_ghost_arena, nicolae_lair_grazing_beasts
          [nicolae_sub_lair_graze_edge, nicolae_sub_lair_graze_edge,
          nicolae_sub_lair_graze_edge, nicolae_sub_lair_graze_edge]
Lair:4:   layout_cave_pods, slime_entry_1, gauntlet_entry_generic,
          grunt_megastairs_4, serial_bayou_shore_b
Gauntlet: gammafunk_gauntlet_hard_choice [gammafunk_gauntlet_arena_teeth,
          nicolae_gauntlet_arena_x, gammafunk_gauntlet_arena_grid,
          gammafunk_gauntlet_arena_hedges, gammafunk_gauntlet_arena_split_x,
          nicolae_gauntlet_arena_grate_2,
          nicolae_gauntlet_exit_dead_adventurers]

Skill      XL: |  1  2  3  4  5  6  7  8  9 10 11 12 13 |
---------------+----------------------------------------+-----
Earth Magic    | 3 4 5 6 7 8 |  8.5
Axes           | 1 2 |  2.0
Stealth        | 2 3 4 5 6 7 |  7.8
Fighting       | 1 2 3 4 5 6 7 8 |  8.8
Dodging        | 2 3 4 |  4.7
Conjurations   | 1 2 3 5 6 7 8 |  8.1
Spellcasting   | 3 4 5 6 7 |  7.9
Short Blades   | 2 3 4 |  4.1
Fire Magic     | 1 2 3 4 5 6 |  6.7
Transmutations | 1 2 4 |  4.2
Armour         | 1 2 3 |  3.1
Invocations    | 3 5 6 8 9 |  9.0
Evocations     | 1 2 3 5 6 |  6.7
Summonings     | 2 4 5 |  5.0
Translocations | 3 |  3.5
Long Blades    | |  0.5

Action                     |  1- 3 |  4- 6 |  7- 9 | 10-12 | 13-15 || total
---------------------------+-------+-------+-------+-------+-------++-------
  Melee: Hand axe          |    36 |    68 |       |       |       ||   104
         Punch             |       |     2 |     9 |     8 |     3 ||    22
         Short sword       |       |    62 |   244 |     6 |    54 ||   366
         Tailslap          |       |     6 |    39 |    44 |    37 ||   126
         Dagger            |       |       |     3 |   195 |    77 ||   275
         Falchion          |       |       |     1 |       |       ||     1
         Scimitar          |       |       |       |       |    24 ||    24
   Cast: Sandblast         |    22 |     8 |     2 |       |     1 ||    33
         Stone Arrow       |     3 |    31 |    69 |   194 |   130 ||   427
         Summon Small Mamm |       |     1 |     2 |     4 |     4 ||    11
         Foxfire           |       |       |    59 |    96 |    34 ||   189
         Passwall          |       |       |    15 |    16 |     4 ||    35
         Petrify           |       |       |     1 |    42 |     8 ||    51
         Apportation       |       |       |     2 |     2 |     2 ||     6
         Lee's Rapid Decon |       |       |       |     1 |       ||     1
         Volatile Blastmot |       |       |       |       |    11 ||    11
 Invoke: Channel Magic     |       |       |       |       |     1 ||     1
    Use: Scroll            |       |       |       |    23 |     3 ||    26
         Potion            |       |       |       |       |     2 ||     2
   Stab: Sleeping          |       |     1 |    14 |    15 |     5 ||    35
         Petrified         |       |       |     2 |    44 |     9 ||    55
         Paralysed         |       |       |    13 |    42 |    50 ||   105
         Petrifying        |       |       |       |     2 |       ||     2
 Armour: Robe              |     9 |    58 |    61 |    12 |       ||   140
         Leather armour    |       |       |    36 |       |       ||    36
         Troll leather arm |       |       |       |    69 |   122 ||   191
  Dodge: Dodged            |    38 |   143 |   174 |   119 |   148 ||   622

Table legend: (Time is in decaauts)
 A = Elapsed time spent in this place.
 B = Non-inter-level travel time spent in this place.
 C = Inter-level travel time spent in this place.
 D = Time resting spent in this place.
 E = Time spent auto-exploring this place.
 F = Levels seen in this place.
 G = Mean time per level.
                   A        B        C        D        E       F      G
               +--------+--------+--------+--------+--------+-----+--------+
         Total |  22057 |  21039 |   1018 |   2168 |  13663 |  20 | 1102.8 |
       Dungeon |  15183 |  14439 |    744 |   1444 |   9728 |  13 | 1167.9 |
        Temple |     60 |     48 |     12 |      0 |     18 |   1 |   60.0 |
          Lair |   5408 |   5147 |    261 |    235 |   3633 |   4 | 1352.0 |
         Sewer |    752 |    752 |      0 |    249 |    254 |   1 |  752.0 |
      Gauntlet |    652 |    652 |      0 |    240 |     30 |   1 |  652.0 |
               +--------+--------+--------+--------+--------+-----+--------+

Top non-repeatable levels by time:
  Lair:2: 2053 daAuts
    D:11: 1684 daAuts
    D:13: 1673 daAuts
     D:6: 1662 daAuts
    D:10: 1651 daAuts
  Lair:3: 1644 daAuts
  Lair:1: 1456 daAuts
     D:5: 1177 daAuts
     D:9: 1170 daAuts
     D:8: 1149 daAuts
     D:3: 984 daAuts
     D:2: 976 daAuts
     D:7: 951 daAuts
   Sewer: 752 daAuts
     D:4: 737 daAuts
